TOP OF THE 1ST |
Aberdeen Pheasants batting - Pitching for St. Cloud Rox : RHP Scott Terry
|
Pitching: RHP Scott Terry
|
|
Batting: SHB Stephen Moore
|
0-0: Fly out, F7 (Line Drive, 7D, EV 107.5 MPH)
|
Batting: LHB Rick Leach
|
0-0: Ball 1-0: Ball 2-0: Foul Ball, location: 2F 2-1: Ground out 4-3 (Groundball, 4, EV 103.8 MPH)
|
Batting: LHB Bob Porter
|
0-0: Ball 1-0: Ball 2-0: Fly out, F8 (Flyball, 78S, EV 84.4 MPH)
|
Top of the 1st over - 0 runs, 0 hits, 0 errors, 0 left on base; Aberdeen 0 - St. Cloud 0 |
BOTTOM OF THE 1ST |
St. Cloud Rox batting - Pitching for Aberdeen Pheasants : RHP Josh Seymour
|
Pitching: RHP Josh Seymour
|
|
Batting: LHB Doran Perdue
|
0-0: Foul Ball, location: 2F 0-1: Ball 1-1: Foul Ball, location: 2F 1-2: Ball 2-2: Ground out 4-3 (Groundball, 4, EV 94.4 MPH)
|
Batting: SHB George Mitchell
|
0-0: Ball 1-0: Ball 2-0: Foul Ball, location: 2F 2-1: SOLO HOME RUN (Line Drive, 89XD, EV 96.9 MPH), Distance : 398 ft
|
Batting: SHB R J Reynolds
|
0-0: Ball 1-0: Ball 2-0: Ball 3-0: Called Strike 3-1: Called Strike 3-2: Base on Balls
|
Batting: LHB Tim Flannery
|
0-0: Ball 1-0: Called Strike 1-1: Foul Ball, location: 2F 1-2: Foul Ball, location: 2F 1-2: Ball 2-2: Ball 3-2: Foul Ball, location: 2F 3-2: Fly out, F7 (Flyball, 78D, EV 92.5 MPH)
|
Batting: LHB Curtis Morgan
|
0-0: Ball 1-0: Foul Ball, location: 2F 1-1: Ball 2-1: Called Strike 2-2: Ball R J Reynolds is caught stealing 2nd base 2-6
|
Bottom of the 1st over - 1 run, 1 hit, 0 errors, 0 left on base; Aberdeen 0 - St. Cloud 1 |
TOP OF THE 2ND |
Aberdeen Pheasants batting - Pitching for St. Cloud Rox : RHP Scott Terry
|
Batting: LHB Tim Thompson
|
0-0: Swinging Strike 0-1: Ball 1-1: Ball 2-1: Ball 3-1: Called Strike 3-2: Fly out, F7 (Flyball, 78M, EV 79.4 MPH)
|
Batting: RHB Mike R Fitzgerald
|
0-0: Called Strike 0-1: Ball 1-1: Swinging Strike 1-2: Strikes out swinging
|
Batting: RHB Pedro Chavez
|
0-0: Ball 1-0: Ball 2-0: Called Strike 2-1: Ball 3-1: SINGLE (Line Drive, 9S, EV 99.4 MPH)
|
Batting: RHB Alejandro Luna
|
0-0: Ball 1-0: Called Strike 1-1: Swinging Strike 1-2: Ball 2-2: Fielders Choice at 2nd, 5-4 (Groundball, 5, EV 85.6 MPH)
|
Top of the 2nd over - 0 runs, 1 hit, 0 errors, 1 left on base; Aberdeen 0 - St. Cloud 1 |
BOTTOM OF THE 2ND |
St. Cloud Rox batting - Pitching for Aberdeen Pheasants : RHP Josh Seymour
|
Batting: LHB Curtis Morgan
|
0-0: Ground out 6-3 (Groundball, 56, EV 91.3 MPH)
|
Batting: RHB Domingos Maravilhas
|
0-0: Ball 1-0: Ground out 6-3 (Groundball, 6, EV 103.1 MPH)
|
Batting: SHB Manny Galvez
|
0-0: Called Strike 0-1: Reached on error, E6 (Groundball, 56, EV 107.5 MPH)
|
Batting: RHB Butch Benton
|
0-0: Foul Ball, location: 2F 0-1: Called Strike 0-2: Strikes out swinging
|
Bottom of the 2nd over - 0 runs, 0 hits, 1 error, 1 left on base; Aberdeen 0 - St. Cloud 1 |
TOP OF THE 3RD |
Aberdeen Pheasants batting - Pitching for St. Cloud Rox : RHP Scott Terry
|
Batting: RHB Armando Ramirez
|
0-0: Ball 1-0: Foul Ball, location: 2F 1-1: Ground out 4-3 (Groundball, 4, EV 90.0 MPH)
|
Batting: RHB Diego Martinez
|
0-0: Ball 1-0: Ground out 5-3 (Groundball, 56S, EV 71.9 MPH)
|
Batting: SHB Stephen Moore
|
0-0: Ball 1-0: Called Strike 1-1: Ball 2-1: Ball 3-1: Called Strike 3-2: Base on Balls
|
Batting: LHB Rick Leach
|
0-0: SINGLE (Line Drive, 89S, EV 96.9 MPH) Stephen Moore to second Runner from 2nd tries for 3rd, SAFE, no throw by RF
|
Batting: LHB Bob Porter
|
0-0: Called Strike Rick Leach steals 2nd base 0-1: Ball 1-1: Ball 2-1: Ball 3-1: Fly out, F6 (Flyball, 6D, EV 83.8 MPH)
|
Top of the 3rd over - 0 runs, 1 hit, 0 errors, 2 left on base; Aberdeen 0 - St. Cloud 1 |
BOTTOM OF THE 3RD |
St. Cloud Rox batting - Pitching for Aberdeen Pheasants : RHP Josh Seymour
|
Batting: RHB Jack Hudson
|
0-0: Fly out, F8 (Flyball, 8LD, EV 94.4 MPH)
|
Batting: LHB Doran Perdue
|
0-0: Called Strike 0-1: Foul Ball, location: 2F 0-2: Hit by Pitch
|
Batting: SHB George Mitchell
|
0-0: Called Strike Doran Perdue steals 2nd base 0-1: Ball 1-1: Called Strike 1-2: Foul Ball, location: 2F 1-2: Ball 2-2: Strikes out looking
|
Batting: SHB R J Reynolds
|
0-0: Ball 1-0: SINGLE (Line Drive, 5D, EV 100.6 MPH) Doran Perdue to third Runner from 3rd tries for Home, SAFE, throw by LF to home
|
Batting: LHB Tim Flannery
|
0-0: Called Strike 0-1: Ball 1-1: Swinging Strike 1-2: Strikes out swinging, 2-3 out at first.
|
Bottom of the 3rd over - 1 run, 1 hit, 0 errors, 1 left on base; Aberdeen 0 - St. Cloud 2 |
TOP OF THE 4TH |
Aberdeen Pheasants batting - Pitching for St. Cloud Rox : RHP Scott Terry
|
Batting: LHB Tim Thompson
|
0-0: Called Strike 0-1: Ball 1-1: Foul Ball, location: 2F 1-2: Foul Ball, location: 2F 1-2: Strikes out looking
|
Batting: RHB Mike R Fitzgerald
|
0-0: Ball 1-0: Foul Ball, location: 2F 1-1: Swinging Strike 1-2: Foul Ball, location: 2F 1-2: Ball 2-2: Foul Ball, location: 2F 2-2: Ball 3-2: Strikes out swinging
|
Batting: RHB Pedro Chavez
|
0-0: Ground out 5-3 (Groundball, 56, EV 97.5 MPH)
|
Top of the 4th over - 0 runs, 0 hits, 0 errors, 0 left on base; Aberdeen 0 - St. Cloud 2 |
BOTTOM OF THE 4TH |
St. Cloud Rox batting - Pitching for Aberdeen Pheasants : RHP Josh Seymour
|
Batting: LHB Curtis Morgan
|
0-0: Called Strike 0-1: Ball 1-1: Swinging Strike 1-2: Strikes out swinging
|
Batting: RHB Domingos Maravilhas
|
0-0: Foul Ball, location: 2F 0-1: Foul Ball, location: 2F 0-2: Strikes out swinging
|
Batting: SHB Manny Galvez
|
0-0: Swinging Strike 0-1: Swinging Strike 0-2: Strikes out looking
|
Bottom of the 4th over - 0 runs, 0 hits, 0 errors, 0 left on base; Aberdeen 0 - St. Cloud 2 |
TOP OF THE 5TH |
Aberdeen Pheasants batting - Pitching for St. Cloud Rox : RHP Scott Terry
|
Batting: RHB Alejandro Luna
|
0-0: Called Strike 0-1: Foul Ball, location: 2F 0-2: Ball 1-2: Ball 2-2: Strikes out looking
|
Batting: RHB Armando Ramirez
|
0-0: Ball 1-0: Called Strike 1-1: Ball 2-1: Ground out 4-3 (Groundball, 34D, EV 111.3 MPH)
|
Batting: RHB Diego Martinez
|
0-0: Ground out 3-1 (Groundball, 34, EV 80.0 MPH)
|
Top of the 5th over - 0 runs, 0 hits, 0 errors, 0 left on base; Aberdeen 0 - St. Cloud 2 |
BOTTOM OF THE 5TH |
St. Cloud Rox batting - Pitching for Aberdeen Pheasants : RHP Josh Seymour
|
Batting: RHB Butch Benton
|
0-0: Ball 1-0: Ball 2-0: Called Strike 2-1: Foul Ball, location: 2F 2-2: Ball 3-2: Foul Ball, location: 2F 3-2: Strikes out swinging
|
Batting: RHB Jack Hudson
|
0-0: Foul Ball, location: 2F 0-1: Ball 1-1: Ball 2-1: Ground out 5-3 (Groundball, 5, EV 86.9 MPH)
|
Batting: LHB Doran Perdue
|
0-0: Fly out, F7 (Line Drive, 7, EV 90.0 MPH)
|
Bottom of the 5th over - 0 runs, 0 hits, 0 errors, 0 left on base; Aberdeen 0 - St. Cloud 2 |
TOP OF THE 6TH |
Aberdeen Pheasants batting - Pitching for St. Cloud Rox : RHP Scott Terry
|
Batting: SHB Stephen Moore
|
0-0: Ball 1-0: Ball 2-0: Ball 3-0: Base on Balls
|
Batting: LHB Rick Leach
|
0-0: Fly out, F4 (Popup, 4D, EV 70.6 MPH)
|
Batting: LHB Bob Porter
|
0-0: Ball 1-0: Called Strike 1-1: Ball 2-1: Fly out, F7 (Flyball, 7, EV 78.1 MPH)
|
Batting: LHB Tim Thompson
|
0-0: Ball 1-0: Ground out 2-3 (Groundball, 2L, EV 70.6 MPH)
|
Top of the 6th over - 0 runs, 0 hits, 0 errors, 1 left on base; Aberdeen 0 - St. Cloud 2 |
BOTTOM OF THE 6TH |
St. Cloud Rox batting - Pitching for Aberdeen Pheasants : RHP Josh Seymour
|
Batting: SHB George Mitchell
|
0-0: Ball 1-0: Called Strike 1-1: Called Strike 1-2: Ball 2-2: Strikes out looking
|
Batting: SHB R J Reynolds
|
0-0: Ball 1-0: Ball 2-0: SINGLE (Line Drive, 56D, EV 98.8 MPH)
|
Batting: LHB Tim Flannery
|
0-0: Ball 1-0: Fielders Choice at 2nd, 4-6 (Groundball, 4M, EV 100.6 MPH)
|
Batting: LHB Curtis Morgan
|
0-0: Ball 1-0: Ball 2-0: Ball 3-0: Base on Balls Tim Flannery to second
|
Batting: RHB Domingos Maravilhas
|
0-0: Called Strike 0-1: Fly out, F9 (Line Drive, 9, EV 89.4 MPH)
|
Bottom of the 6th over - 0 runs, 1 hit, 0 errors, 2 left on base; Aberdeen 0 - St. Cloud 2 |
TOP OF THE 7TH |
Aberdeen Pheasants batting - Pitching for St. Cloud Rox : RHP Scott Terry
|
Batting: RHB Mike R Fitzgerald
|
0-0: Called Strike 0-1: Ball 1-1: Called Strike 1-2: Ball 2-2: Strikes out looking
|
Batting: RHB Pedro Chavez
|
0-0: Ground out U3 (Groundball, 3S, EV 83.1 MPH)
|
Batting: RHB Alejandro Luna
|
0-0: Ball 1-0: Called Strike 1-1: Ball 2-1: Foul Ball, location: 2F 2-2: Ball 3-2: Fly out, F8 (Flyball, 8RD, EV 77.5 MPH)
|
Top of the 7th over - 0 runs, 0 hits, 0 errors, 0 left on base; Aberdeen 0 - St. Cloud 2 |
BOTTOM OF THE 7TH |
St. Cloud Rox batting - Pitching for Aberdeen Pheasants : RHP Josh Seymour
|
Batting: SHB Manny Galvez
|
0-0: Ball 1-0: Called Strike 1-1: SINGLE (Flyball, 8RS, EV 95.0 MPH)
|
Batting: RHB Butch Benton
|
0-0: Ball 1-0: Fly out, F9 (Flyball, 9, EV 71.3 MPH)
|
Batting: RHB Jack Hudson
|
0-0: Called Strike 0-1: Ball 1-1: Ball 2-1: Swinging Strike 2-2: Foul Ball, location: 2F 2-2: Grounds into double play, 5-4-3 (Groundball, 56, EV 84.4 MPH)
|
Bottom of the 7th over - 0 runs, 1 hit, 0 errors, 0 left on base; Aberdeen 0 - St. Cloud 2 |
TOP OF THE 8TH |
Aberdeen Pheasants batting - Pitching for St. Cloud Rox : RHP Scott Terry
|
Batting: RHB Armando Ramirez
|
0-0: Ground out 4-3 (Groundball, 4, EV 83.1 MPH)
|
Batting: RHB Diego Martinez
|
0-0: Ball 1-0: Called Strike 1-1: Called Strike 1-2: Foul Ball, location: 2F 1-2: Strikes out looking
|
Batting: SHB Stephen Moore
|
0-0: Ball 1-0: Called Strike 1-1: Ball 2-1: Foul Ball, location: 2F 2-2: Ball 3-2: Strikes out swinging
|
Top of the 8th over - 0 runs, 0 hits, 0 errors, 0 left on base; Aberdeen 0 - St. Cloud 2 |
BOTTOM OF THE 8TH |
St. Cloud Rox batting - Pitching for Aberdeen Pheasants : RHP Josh Seymour
|
Batting: LHB Doran Perdue
|
0-0: Ball 1-0: Foul Ball, location: 2F 1-1: Ball 2-1: Foul Ball, location: 2F 2-2: Ball 3-2: SINGLE (Groundball, 56D, EV 94.4 MPH)
|
Batting: SHB George Mitchell
|
0-0: Bunted foul 0-1: Called Strike Doran Perdue steals 2nd base 0-2: Fly out, F7 (Line Drive, 7, EV 95.6 MPH)
|
Batting: SHB R J Reynolds
|
0-0: Intentional Walk
|
Batting: LHB Tim Flannery
|
0-0: Ball 1-0: Ball 2-0: Fly out, F8 (Flyball, 8LD, EV 89.4 MPH) Runner from 2nd tags up, SAFE at 3rd with throw by CF
|
Batting: LHB Curtis Morgan
|
0-0: Reached on error, E6 (Groundball, 6, EV 105.6 MPH) Doran Perdue scores R J Reynolds to second
|
Batting: RHB Domingos Maravilhas
|
0-0: Ball 1-0: Ball 2-0: Ball 3-0: Base on Balls R J Reynolds to third Curtis Morgan to second
|
Batting: SHB Manny Galvez
|
0-0: Called Strike 0-1: DOUBLE (Flyball, 78XD, EV 102.5 MPH) R J Reynolds scores Curtis Morgan scores Domingos Maravilhas to third Runner from 3rd tries for Home, SAFE, throw by CF to home
|
Pitching: RHP Lannie Cropper
|
|
Batting: RHB Butch Benton
|
0-0: Ball 1-0: Called Strike 1-1: Ball 2-1: Ball 3-1: Fly out, F4 (Popup, 4D, EV 74.4 MPH)
|
Bottom of the 8th over - 4 runs, 2 hits, 1 error, 1 left on base; Aberdeen 0 - St. Cloud 6 |
TOP OF THE 9TH |
Aberdeen Pheasants batting - Pitching for St. Cloud Rox : RHP Scott Terry
|
Pitching: RHP Mike Martinez
|
|
Batting: LHB Rick Leach
|
0-0: Called Strike 0-1: Ball 1-1: Fly out, F8 (Flyball, 8LD, EV 92.5 MPH)
|
Batting: LHB Bob Porter
|
0-0: Ground out 4-3 (Groundball, 4, EV 90.0 MPH)
|
Batting: LHB Tim Thompson
|
0-0: Ball 1-0: Ball 2-0: Called Strike 2-1: Ball 3-1: Called Strike 3-2: Fly out, F8 (Flyball, 89D, EV 95.0 MPH)
|
Top of the 9th over - 0 runs, 0 hits, 0 errors, 0 left on base; Aberdeen 0 - St. Cloud 6 |
|